 Dungeon Crawl Stone Soup version 0.31-a0-149-g3fdcc5976a (webtiles) character file.

Game seed: 1165873202962186082

14645 comborobin the Bringer of Law (level 12, -1/104 (111) HPs)
             Began as a Hill Orc Delver on June 8, 2023.
             Was the Champion of Zin.
             Slain by an orange demon (3 damage)
             ... on level 12 of the Dungeon.
             The game lasted 00:14:02 (13255 turns).

comborobin the Bringer of Law (Hill Orc Delver)    Turns: 13255, Time: 00:14:03

HP:   -1/104 (111)  AC: 20    Str: 20    XL:     12   Next: 18%
MP:   20/20         EV:  7    Int: 14    God:    Zin [******]
Gold: 176           SH:  0    Dex: 12    Spells: 11/11 levels left

rFire   . . .        a - +5 halberd of Dim Light {flame, Int+4}
rCold   . . .        (shield currently unavailable)
rNeg    + . .        j - +0 plate armour
rPois   .            r - +0 helmet
rElec   .            (no cloak)
rCorr   .            (no gloves)
SInv    .            A - +3 pair of boots "Fimo" {Harm Rampage}
Will    .....        d - amulet of faith Stlth
                     i - ring of positive energy
HPRegen 0.37/turn    (no ring)
MPRegen 0.17/turn

%: harm (+30% outgoing, +20% incoming), rampage, faith
@: on recite cooldown, drained
A: no striking features
a: Renounce Religion, Recite, Vitalisation, Imprison, Sanctuary, Donate Gold


You were on level 12 of the Dungeon.
You worshipped Zin.
Zin was exalted by your worship.
You visited 2 branches of the dungeon, and saw 13 of its levels.

You collected 831 gold pieces.
You spent 572 gold pieces at shops.
You donated 83 gold pieces to Zin.

Inventory:

Hand Weapons
 a - the +5 halberd of Dim Light (weapon) {flame, Int+4}
   (You found it on level 3 of the Dungeon)

   Int:       It affects your intelligence (+4).
 f - the +8 dagger of Intuition {freeze, Str+3}
   (You took it off a hobgoblin on level 2 of the Dungeon)

   Str:       It affects your strength (+3).
 h - a +0 great mace
 q - a +0 war axe
 L - a +1 battleaxe
Missiles
 u - a throwing net
Armour
 b - a +0 leather armour
 j - a +0 plate armour (worn)
 r - a +0 helmet (worn)
 A - the +3 pair of boots "Fimo" (worn) {Harm Rampage}
   (You bought it in a shop on level 3 of the Dungeon)

   Harm:      It increases damage dealt and taken.
   Rampage:   It bestows one free step when moving towards enemies.
 E - the +2 leather armour "Fufakocu" {Harm rPois Regen+ rCorr Dex-2}
   (You found it on level 7 of the Dungeon)

   Dex:       It affects your dexterity (-2).
   rPois:     It protects you from poison.
   Regen:     It increases your rate of health regeneration.
   rCorr:     It protects you from acid and corrosion.
   Harm:      It increases damage dealt and taken.
 G - +0 steam dragon scales
 K - a +0 troll leather armour
Jewellery
 d - an amulet of faith (around neck)
 i - a ring of positive energy (left hand)
 l - a ring of fire
 p - an amulet of guardian spirit
 D - a ring of wizardry
Wands
 g - a wand of digging (9)
 y - a wand of iceblast (16)
 B - a wand of flame (23)
Scrolls
 c - 2 scrolls of fog
 e - a scroll of fear
 k - a scroll of vulnerability
 n - 5 scrolls of identify
 o - 3 scrolls of blinking
 v - a scroll of teleportation
 w - 2 scrolls of enchant armour {unknown}
 x - 2 scrolls of amnesia
 z - 2 scrolls of immolation
 C - 2 scrolls of poison
Potions
 m - a potion of mutation
 t - a potion of enlightenment
 F - a potion of attraction
 H - a potion of might
 I - 3 potions of magic
Miscellaneous
 J - a phial of floods


   Skills:
 + Level 11.7 Fighting
 * Level 6.6(10.8) Axes
 - Level 3.5(5.0) Maces & Flails
 - Level 10.5(11.1) Polearms
 - Level 10.0 Armour
 - Level 1.5 Dodging
 - Level 4.1 Stealth
 + Level 11.9 Invocations


You had 11 spell levels left.
You didn't know any spells.
Your spell library contained the following spells:

 Spells                   Type           Power      Damage    Failure   Level
 Kiss of Death            Conj/Necr      0%         2d5       99%         1
 Confusing Touch          Hex            0%         N/A       100%        3
 Gell's Gravitas          Tloc           0%         N/A       100%        3
 Ignite Poison            Fire/Tmut/Pois 0%         N/A       100%        3
 Teleport Other           Tloc           0%         N/A       100%        3
 Animate Armour           Summ/Erth      0%         N/A       100%        4
 Dispel Undead            Necr           0%         3d6       100%        4
 Sticky Flame             Conj/Fire      0%         2d3       100%        4
 Summon Lightning Spire   Summ/Air       0%         N/A       100%        4
 Blade Hands              Tmut           0%         N/A       100%        5
 Dispersal                Tloc           0%         N/A       100%        6
 Simulacrum               Ice/Necr       0%         N/A       100%        6
 Ozocubu's Refrigeration  Ice            0%         4d7       100%        7
 Ignition                 Fire           0%         3d3       100%        8
 Polar Vortex             Ice            0%         N/A       100%        9


Dungeon Overview and Level Annotations

Branches:
Dungeon (12/15)            Temple (0/1) D:7            Lair (1/5) D:8
    Orc (0/2) D:9

Altars:
Cheibriados
Elyvilon
Gozag
Okawaru
Qazlal
Ru
Sif Muna
Uskayaw
Yredelemnul
Zin

Shops:
D:3 [   D:6 *   D:7 *   D:8 :   D:10 :   D:11 (


Message History

You barely miss the soul eater.
The soul eater is almost dead.
An orange demon comes into view.
The soul eater hits you.
You hit the soul eater but do no damage.
The soul eater is almost dead.
The soul eater hits you.
You hit the soul eater but do no damage.
The soul eater is almost dead.
The soul eater barely misses you.
You closely miss the soul eater.
The soul eater is almost dead.
The soul eater hits you!
* * * LOW HITPOINT WARNING * * *
You partially resist.
You feel drained.
* * * LOW HITPOINT WARNING * * *
You hit the soul eater but do no damage.
The soul eater is almost dead.
The orange demon stings you from afar.
* * * LOW HITPOINT WARNING * * *
The soul eater hits you.
* * * LOW HITPOINT WARNING * * *
You hit the soul eater but do no damage.
The soul eater is almost dead.
The orange demon stings you from afar.
* * * LOW HITPOINT WARNING * * *
The soul eater hits you.
* * * LOW HITPOINT WARNING * * *
Activating: Sanctuary (9% risk of failure)
Press: ? - help, Dir - look around, f - activate You fail to use your ability.
The soul eater hits you.
* * * LOW HITPOINT WARNING * * *
The orange demon stings you but does no damage.
Unknown command.
Activating: Sanctuary (9% risk of failure)
Press: ? - help, Dir - look around, f - activate You fail to use your ability.
The soul eater hits you but does no damage.
The orange demon stings you from afar.
You die...

#..#. .... #
.... ... ##.
... .. #...
#.###.#
#...##..#..##
#......<.[..#
#......4..###
#.#......#
#...@3)#
#.....†......
#............
#............
#.............
#..([.........
#..###........
##. .........


You could see a soul eater and an orange demon.

Vanquished Creatures
  Snorg (D:12)
  A two-headed ogre (D:9)
  Erica (D:11)
  The ghost of SecretSquirrel the Skirmisher, a novice MiHu (D:6)
  2 gargoyles
  A kobold demonologist (D:12)
  The ghost of superbruh the Covert, a novice OpBr of Makhleb (D:5)
  A komodo dragon (Lair:1)
  A troll (D:11)
  3 blink frogs (Lair:1)
  3 wraiths
  2 shadows (D:11)
  3 wyverns
  3 basilisks
  23 yaks
  8 vampire mosquitoes
  2 steam dragons
  4 water moccasins
  3 ice beasts
  3 orc warriors
  3 sky beasts (D:7)
  5 black bears
  An ogre (D:5)
  2 kobold brigands
  3 bullfrogs
  A gnoll sergeant (D:10)
  3 scorpions (D:5)
  5 wights (D:7)
  4 howler monkeys
  2 jellies
  12 orc priests
  A water moccasin simulacrum (D:5)
  3 hounds
  3 iguanas (D:5)
  3 sleepcaps
  11 orc wizards
  Natasha (thrice) (D:4)
  A centaur simulacrum (D:5)
  2 scorpion simulacra (D:5)
  Robin (D:4)
  11 gnolls
  9 adders
  2 white imps
  5 worms
  A dart slug (D:4)
  38 orcs
  8 bats
  10 endoplasms
  5 giant cockroaches
  12 goblins
  18 hobgoblins
  9 jackals
  19 kobolds
  5 quokkas
  11 ball pythons
  2 frilled lizards
  7 rats
308 creatures vanquished.

Notes
Turn   | Place    | Note
-------+----------+-------------------------------------------
     0 | D:5      | comborobin the Hill Orc Delver began the quest for the Orb.
     0 | D:5      | Reached XP level 1. HP: 19/19 MP: 1/1
    18 | D:5      | Noticed a black bear
    53 | D:4      | Found a white marble altar of Elyvilon.
    53 | D:4      | Found a stormy altar of Qazlal.
    78 | D:4      | Found a glowing silver altar of Zin.
   114 | D:4      | Became a worshipper of Zin the Law-Giver
   127 | D:4      | Noticed a sleepcap
   154 | D:3      | Reached skill level 1 in Maces & Flails
   163 | D:3      | Reached skill level 1 in Invocations
   163 | D:3      | Reached XP level 2. HP: 26/26 MP: 2/2
   199 | D:3      | Found a basalt altar of Yredelemnul.
   409 | D:2      | Identified the +8 dagger of Intuition {freeze, Str+3}
   415 | D:2      | HP: 1/26 [hobgoblin/the +8 dagger of Intuition {freeze,
                  | Str+3} (2)]
   526 | D:3      | Reached XP level 3. HP: 13/31 MP: 4/4
   827 | D:2      | Reached skill level 1 in Armour
   972 | D:2      | Reached * piety under Zin
  1020 | D:2      | Reached XP level 4. HP: 39/39 MP: 5/5
  1199 | D:2      | Identified the +2 dagger of Tojao {elec, *Corrode rF++
                  | Will+++ Dex-3}
  1612 | D:1      | Reached ** piety under Zin
  1777 | D:1      | Reached *** piety under Zin
  2277 | D:3      | Reached XP level 5. HP: 45/46 MP: 6/6
  2296 | D:3      | Found a faded altar of an unknown god.
  2387 | D:3      | Found an opulent altar of Gozag.
  2417 | D:3      | Reached **** piety under Zin
  2488 | D:3      | Found Qaoxtyrph's Armour Shop.
  2495 | D:3      | Bought a +0 helmet for 45 gold pieces
  2615 | D:3      | Identified the +5 halberd of Dim Light {flame, Int+4}
  2718 | D:4      | Noticed Natasha
  2720 | D:4      | Killed Natasha
  2791 | D:4      | Reached skill level 1 in Polearms
  2794 | D:4      | Noticed Robin
  2807 | D:4      | Killed Robin
  2807 | D:4      | Noticed Natasha
  2817 | D:4      | Reached XP level 6. HP: 42/53 MP: 8/8
  2848 | D:4      | Killed Natasha
  3093 | D:4      | Noticed Natasha
  3102 | D:4      | Killed Natasha
  3269 | D:4      | Reached ***** piety under Zin
  3588 | D:5      | Reached skill level 5 in Fighting
  3593 | D:5      | Reached XP level 7. HP: 43/61 MP: 9/9
  4011 | D:5      | Reached XP level 8. HP: 36/68 MP: 11/11
  4016 | D:5      | Reached skill level 5 in Polearms
  4166 | D:5      | Reached skill level 5 in Invocations
  4458 | D:5      | Found a runed translucent gate.
  4458 | D:5      | Found a runed translucent gate.
  4458 | D:5      | Found a runed translucent gate.
  4781 | D:5      | Reached skill level 5 in Armour
  4973 | D:5      | Noticed superbruh's ghost (novice OpBr)
  5039 | D:6      | Identified the +3 trident of a volcano {venom, rF+ rN+
                  | Dex+4}
  5103 | D:3      | Bought the +3 pair of boots "Fimo" {Harm Rampage} for 265
                  | gold pieces
  5746 | D:6      | Found an iron altar of Okawaru.
  5750 | D:6      | Reached XP level 9. HP: 74/74 MP: 13/13
  5750 | D:6      | Found a runed translucent door.
  5772 | D:6      | Noticed SecretSquirrel's ghost (novice MiHu)
  5819 | D:6      | Found Ywnis's Gadget Gallery.
  6239 | D:6      | Killed SecretSquirrel's ghost
  6490 | D:7      | Found Posmid's Assorted Antiques.
  6498 | D:7      | Bought a scroll labelled YDYKAE HUGOH for 24 gold pieces
  6498 | D:7      | Bought a scroll labelled LUEMEWKU GYADD for 24 gold pieces
  6550 | D:7      | Identified the +2 leather armour "Fufakocu" {Harm rPois
                  | Regen+ rCorr Dex-2}
  6707 | D:7      | Found a sacrificial altar of Ru.
  6887 | D:7      | Reached ****** piety under Zin
  6904 | D:7      | Reached XP level 10. HP: 66/86 MP: 16/16
  7237 | D:7      | Found a staircase to the Ecumenical Temple.
  7522 | D:8      | Found a staircase to the Lair.
  7858 | D:8      | Found a hide-covered altar of Uskayaw.
  8093 | D:8      | Found Fium's Book Boutique.
  8124 | D:8      | Found a transporter.
  8233 | D:8      | Found a shimmering blue altar of Sif Muna.
  8809 | Lair:1   | Entered Level 1 of the Lair of Beasts
  8817 | Lair:1   | Reached skill level 10 in Invocations
  8972 | Lair:1   | Reached XP level 11. HP: 89/97 MP: 18/18
  9309 | D:5      | Killed superbruh's ghost
  9310 | D:5      | Reached skill level 10 in Polearms
  9567 | D:9      | Noticed a two-headed ogre
  9579 | D:9      | Killed a two-headed ogre
  9580 | D:9      | Reached skill level 10 in Fighting
  9777 | D:9      | Found a staircase to the Orcish Mines.
 10298 | D:10     | Entered Level 10 of the Dungeon
 10549 | D:10     | Reached skill level 10 in Armour
 10823 | D:10     | Found Muefak's Book Emporium.
 10981 | D:10     | Found a snail-covered altar of Cheibriados.
 12145 | D:11     | Found Elastuot's Antique Weapon Shop.
 12152 | D:11     | Bought a battleaxe for 214 gold pieces
 12354 | D:11     | Found a shimmering blue altar of Sif Muna.
 12863 | D:11     | Noticed Erica
 12875 | D:11     | Killed Erica
 12876 | D:11     | Reached skill level 5 in Axes
 12876 | D:11     | Reached XP level 12. HP: 94/110 MP: 17/20
 13140 | D:12     | Noticed Snorg
 13150 | D:12     | Killed Snorg
 13218 | D:12     | Noticed a soul eater
 13253 | D:12     | HP: 2/104 [soul eater (6)]
 13255 | D:12     | Slain by an orange demon

Illustrated notes

Levels and vault maps discovered:
D:1:      saegor_arrival_under_anarchy, layout_loops_ring, minmay_tetromino_t2
D:2:      layout_basic, minmay_between
D:3:      layout_rooms, grunt_gozag_breadcrumbs,
          mainiacjoe_overflow_small_starburst, serial_shops,
          nicolae_shop_tiny_real_fake_doors,
          shapermc_ecumenical_altar_mp_ritualfount
D:4:      layout_basic, zin_academy, gammafunk_temple_overflow_elements,
          chequers_serial_rivers_small_b, dreamdust_princess_bridge, uniq_robin,
          uniq_natasha
D:5:      layout_loops_ring, gammafunk_ghost_icy, minmay_quadrilaterals
D:6:      layout_loops_corners, okawaru_gym_becter, serial_aquarium,
          aquarium_bridge_square [aquarium_subvault_bridge,
          aquarium_subvault_bridge, aquarium_subvault_balcony,
          aquarium_subvault_balcony], aquarium_window_fake, aquarium_window_1,
          aquarium_view_2e, aquarium_view_2d, aquarium_balcony_3a,
          ebering_ghost_sewer_d, nicolae_shop_gadgets
D:7:      nzn_winding_woodlands_small [nzn_winding_woodlands_5x15_default,
          nzn_winding_woodlands_center_lodge,
          nzn_winding_woodlands_5x15_crooked], layout_loops_ring,
          nicolae_ru_awakened_eye, minmay_temple_entry_antechambers,
          serial_shops, shop, minmay_gold_behind_fungi, skrybe_limestone_x,
          minmay_holes
D:8:      layout_loops_corners, mainiacjoe_overflow_concentric_impassable,
          old_standard_altar, david_lair_generic, serial_shops, shop,
          nicolae_hexahallways, grunt_decor_mini_mirrors, nicolae_diode_basic
D:9:      hellmonk_crumbling_castle, layout_rooms, chequers_mini_garden
D:10:     layout_basic, lemuel_coloured_pillars_altar, serial_shops, shop
D:11:     layout_stronghold, serial_shops, shop, lemuel_blue_sif_altar,
          uniq_erica
D:12:     layout_cave_pools, serial_demonic, serial_demonic_e, serial_demonic_d,
          serial_demonic_a, serial_demonic_d, uniq_kirke, uniq_snorg
Lair:1:   layout_concentric_octagons

Skill      XL: |  1  2  3  4  5  6  7  8  9 10 11 12 |
---------------+-------------------------------------+-----
Maces & Flails | 1 2 3 |  3.5
Invocations    | 1 2 3 4 6 8 10 11 | 11.9
Armour         | 1 2 3 4 5 7 8 10 | 10.0
Fighting       | 4 5 7 9 11 | 11.7
Polearms       | 1 3 4 7 8 9 10 | 10.5
Axes           | 5 6 |  6.6
Dodging        | |  1.5
Stealth        | |  4.1

Action                     |  1- 3 |  4- 6 |  7- 9 | 10-12 || total
---------------------------+-------+-------+-------+-------++-------
  Melee: Great mace        |    85 |   141 |       |       ||   226
         Halberd           |       |    96 |   208 |   374 ||   678
         Battleaxe         |       |       |       |     9 ||     9
 Invoke: Recite            |       |     1 |     3 |     6 ||    10
         Vitalisation      |       |       |       |     2 ||     2
         Sanctuary         |       |       |       |     1 ||     1
    Use: Scroll            |     2 |       |     2 |    11 ||    15
         Potion            |     1 |     1 |       |     9 ||    11
   Stab: Sleeping          |     5 |     1 |       |       ||     6
         Paralysed         |       |       |       |     2 ||     2
 Armour: Leather armour    |    12 |    23 |       |       ||    35
         Plate armour      |    51 |   140 |   152 |   264 ||   607
  Dodge: Dodged            |    38 |    81 |    61 |   112 ||   292

Table legend: (Time is in decaauts)
 A = Elapsed time spent in this place.
 B = Non-inter-level travel time spent in this place.
 C = Inter-level travel time spent in this place.
 D = Time resting spent in this place.
 E = Time spent auto-exploring this place.
 F = Levels seen in this place.
 G = Mean time per level.
                   A        B        C        D        E       F      G
               +--------+--------+--------+--------+--------+-----+--------+
         Total |  13454 |  12769 |    685 |   1420 |   9209 |  13 | 1034.9 |
       Dungeon |  13214 |  12529 |    685 |   1420 |   9059 |  12 | 1101.2 |
          Lair |    239 |    239 |      0 |      0 |    150 |   1 |  239.0 |
               +--------+--------+--------+--------+--------+-----+--------+

Top non-repeatable levels by time:
     D:5: 1630 daAuts
     D:8: 1579 daAuts
    D:10: 1467 daAuts
    D:11: 1392 daAuts
     D:6: 1362 daAuts
     D:2: 1184 daAuts
     D:7: 1100 daAuts
     D:4: 1088 daAuts
     D:9: 845 daAuts
     D:1: 827 daAuts
     D:3: 640 daAuts
  Lair:1: 239 daAuts
    D:12: 95 daAuts
